 Dungeon Crawl Stone Soup version 0.28.0 (webtiles) character file.

Game seed: 9577301905597864604

44 bande the Shield-Bearer (level 3, 0/24 HPs)
             Began as a Gargoyle Fighter on Feb 9, 2022.
             Slain by a gnoll (8 damage)
             ... on level 2 of the Dungeon.
             The game lasted 00:02:20 (1849 turns).

bande the Shield-Bearer (Gargoyle Fighter)          Turns: 1849, Time: 00:02:21

Health: 0/24       AC: 10    Str: 19    XL:     3   Next: 60%
Magic:  3/3        EV:  9    Int:  8    God:
Gold:   60         SH:  4    Dex: 11    Spells: 2/2 levels left

rFire   . . .      SeeInvis .   a - +1 war axe
rCold   . . .      Faith    .   c - +0 buckler
rNeg    + . .      Spirit   .   b - +0 scale mail
rPois   ∞          Reflect  .   (no helmet)
rElec   +          Harm     .   (no cloak)
rCorr   .          Rampage  .   (no gloves)
Will    .....                   (no boots)
Stlth   ..........              (no amulet)
HPRegen 0.08/turn               (no ring)
MPRegen 0.08/turn               (no ring)

@: no status effects
A: sickness immunity, AC +3, negative energy resistance 1, electricity
resistance, torment resistance 1, petrification resistance
a: no special abilities


You were on level 2 of the Dungeon.
You visited 1 branch of the dungeon, and saw 2 of its levels.

You collected 60 gold pieces.

Inventory:

Hand Weapons
 a - a +1 war axe (weapon)
Armour
 b - a +0 scale mail (worn)
 c - a +0 buckler (worn)
Potions
 d - a potion of might
 e - a potion of berserk rage {unknown}
 f - 2 potions of flight
 g - a potion of brilliance {unknown}
 h - a potion of haste {unknown}


   Skills:
 + Level 3.7 Fighting
 + Level 2.4 Axes
 + Level 3.7 Armour
 + Level 3.7 Shields


You had 2 spell levels left.
You didn't know any spells.
Your spell library was empty.

Dungeon Overview and Level Annotations

Branches:
Dungeon (2/15)

Altars:


Innate Abilities, Weirdness & Mutations

You are immune to sickness and miasma.
Your stone body is resilient. (AC +3)
You are immune to poison.
You resist negative energy. (rN+)
You are resistant to electric shocks. (rElec)
You are resistant to unholy torment.
You are immune to petrification.


Message History

j - a scroll labelled KUIFEFAURPH A giant cockroach comes into view.
The giant cockroach waves its antennae.
You slash the giant cockroach!
You kill the giant cockroach!
No target in view!
No target in view!
No target in view!
No target in view!
No target in view!
As you read the scroll labelled TES ICKEST, it crumbles to dust.
It is a scroll of identify.
f - 2 potions of flight
As you read the scroll labelled KUIFEFAURPH, it crumbles to dust.
You feel strangely unstable.
It was a scroll of teleportation.
Found a dagger and 16 arrows.
Your surroundings suddenly seem different.
As you open the door, it creaks loudly!
There is an open door here.
There is a stone staircase leading up here.
A gnoll comes into view. It is wielding a +0 spear.
The gnoll shouts!
You hear a shout!
A gnoll comes into view. It is wielding a +0 flail. x2
The gnoll shouts!
Found 17 arrows.
You closely miss the gnoll. The gnoll hits you with a +0 flail.
You block the gnoll's attack. x2; The gnoll hits you but does no damage.
You hit the gnoll but do no damage. You hit the gnoll.
The gnoll hits you from afar with a +0 spear.
The gnoll barely misses you.
You hit the gnoll.
The gnoll is heavily wounded.
You barely miss the gnoll. The gnoll closely misses you.
The gnoll hits you with a +0 flail!
* * * LOW HITPOINT WARNING * * *
The gnoll closely misses you. x2; The gnoll hits you but does no damage.
The gnoll closely misses you. The gnoll hits you but does no damage.
You block the gnoll's attack. The gnoll hits you with a +0 flail!
You die...

####.##### ##...##
###.##### #........#
##+#...# .# #.##.###.#
.#...## # #
#.###.######.......
#..##.##.....(.....
#.###.##.##.##........
#........##.#.......#
#####.#####.#gg.....#
#.#####.#.@g$#
#..........#.#
#######.##.# .. #....#
## ######


You could see 3 gnolls.

Vanquished Creatures
  3 endoplasms (D:1)
  5 giant cockroaches
  6 goblins
  A hobgoblin (D:1)
  3 jackals (D:1)
  2 quokkas
  3 ball pythons
  7 bats
  3 frilled lizards (D:1)
  5 kobolds
  2 rats
40 creatures vanquished.

Notes
Turn   | Place    | Note
-------+----------+-------------------------------------------
     0 | D:1      | bande the Gargoyle Fighter began the quest for the Orb.
     0 | D:1      | Reached XP level 1. HP: 14/14 MP: 1/1
   216 | D:1      | Reached XP level 2. HP: 17/19 MP: 2/2
   342 | D:1      | Found a faded altar of an unknown god.
   728 | D:1      | Reached XP level 3. HP: 18/23 MP: 3/3
  1849 | D:2      | Slain by a gnoll

Illustrated notes

Levels and vault maps discovered:
D:1:      erik_arrival_cave_to_civilisation [erik_arrival_cave_to_hall],
          layout_basic, serial_rivers, chequers_serial_rivers_micro_d,
          chequers_serial_rivers_micro_e, chequers_serial_rivers_micro_d,
          chequers_serial_rivers_small_3, chequers_serial_rivers_room_a,
          chequers_serial_rivers_large_b,
          hellmonk_ecumenical_altar_leap_of_faith
D:2:      layout_loops_corners, minmay_worlds_worst_comb

Skill      XL: |  1  2 |
---------------+-------+-----
Axes           | 2 |  2.4
Fighting       | |  3.7
Armour         | |  3.7
Shields        | |  3.7

Action                   || total
-------------------------++-------
Melee: War axe           ||   113
  Use: Scroll            ||     4
Armor: Scale mail        ||    73
Dodge: Dodged            ||    67
Block: Buckler           ||    25
